 Dungeon Crawl Stone Soup version 0.18.1-48-g4cf74bf (webtiles) character file.

298 Heedrag the Conjurer (level 6, -13/32 HPs)
             Began as a Deep Elf Conjurer on Aug 1, 2016.
             Was an Initiate of Vehumet.
             Shot with an arrow by a centaur (14 damage)
             ... on level 5 of the Dungeon.
             The game lasted 00:09:25 (3790 turns).

Heedrag the Conjurer (Deep Elf Conjurer)            Turns: 3790, Time: 00:09:26

Health: -13/32     AC:  2    Str:  7    XL:     6   Next: 13%
Magic:  15/15      EV: 13    Int: 20    God:    Vehumet [......]
Gold:   266        SH:  0    Dex: 15    Spells: 4 memorised, 2 levels left

rFire  . . .     SeeInvis .     o - +2 short sword (venom)
rCold  . . .     Gourm    .     a - +0 robe
rNeg   . . .     Faith    .     (no shield)
rPois  .         Spirit   .     l - +0 helmet
rElec  .         Dismiss  .     (no cloak)
rCorr  .         Reflect  .     g - +0 pair of gloves
SustAt .         Harm     .     y - +0 pair of boots
MR     .....                    (no amulet)
Stlth  ++........               (no ring)
                                e - -3 ring of protection (curse)

@: not resistant to hostile enchantments, unstealthy
A: no striking features
a: Renounce Religion


You were on level 5 of the Dungeon.
You worshipped Vehumet.
Vehumet was noncommittal.
You were not hungry.

You visited 2 branches of the dungeon, and saw 6 of its levels.

You collected 266 gold pieces.

Inventory:

Hand Weapons
 o - a +2 short sword of venom (weapon)
Armour
 a - a +0 robe (worn)
 g - a +0 pair of gloves (worn)
 l - a +0 helmet (worn)
 y - a +0 pair of boots (worn)
Jewellery
 e - a cursed -3 ring of protection (left hand)
Wands
 t - a wand of flame (28/48)
 F - a wand of slowing (24/48)
 H - a wand of iceblast (11/15)
Scrolls
 d - 7 scrolls of identify {unknown}
 f - a scroll of magic mapping {unknown}
 j - a scroll of recharging {unknown}
 k - 2 scrolls of fog {unknown}
 m - 7 scrolls of teleportation {unknown}
 n - a scroll of random uselessness {unknown}
 p - a scroll of fear {unknown}
 q - 2 scrolls of remove curse {unknown}
 s - a scroll of noise {unknown}
 B - a scroll of blinking {unknown}
 D - a scroll of summoning {unknown}
Potions
 i - 3 potions of degeneration {unknown}
 r - a potion of mutation {unknown}
 u - 2 potions of curing {unknown}
 v - a potion of cure mutation {unknown}
 x - a potion of heal wounds {unknown}
 z - a potion of agility {unknown}
 A - 2 potions of lignification {unknown}
 C - a potion of invisibility {unknown}
Books
 b - a book of Conjurations

   Spells                             Type                      Level
   a - Magic Dart                     Conjuration                  1
   b - Searing Ray                    Conjuration                  2
   c - Dazzling Spray                 Conjuration/Hexes            3
   d - Fulminant Prism                Conjuration/Hexes            4
   e - Iskenderun's Mystic Blast      Conjuration                  4
   f - Iskenderun's Battlesphere      Conjuration/Charms           5
 w - a book of Callings

   Spells                             Type                      Level
   a - Summon Small Mammal            Summoning                    1
   b - Call Imp                       Summoning                    2
   c - Call Canine Familiar           Summoning                    3
   d - Summon Guardian Golem          Hexes/Summoning              3
   e - Summon Lightning Spire         Summoning/Air                4
   f - Summon Ice Beast               Ice/Summoning                4
Comestibles
 c - 2 bread rations
 h - a beef jerky
 E - a royal jelly


   Skills:
 - Level 2.4 Dodging
 - Level 2.4 Stealth
 + Level 5.1 Spellcasting
 * Level 7.3 Conjurations
 + Level 0.4 Charms


You had 2 spell levels left.
You knew the following spells:

 Your Spells              Type           Power        Failure   Level  Hunger
a - Magic Dart            Conj           ####         1%          1    None
b - Dazzling Spray        Conj/Hex       ###...       10%         3    ##.....
c - Iskenderun's Mystic   Conj           ####....     8%          4    ####...
d - Iskenderun's Battles  Conj/Chrm      ###.....     71%         5    #####..


Dungeon Overview and Level Annotations

Branches:
Dungeon (5/15)             Temple (1/1) D:4

Altars:
Ashenzari
Gozag
Kikubaaqudgha
Nemelex Xobeh
Okawaru
Pakellas
Qazlal
Trog
Vehumet
Xom
The Shining One

Annotations:
D:5 Eustachio


Message History

H - a wand o' iceblast Thar be a stone staircase leadin' up 'ere.
All o' tha chunks o' flesh in yer inventory haf rotted away.
A centaur comes inta view.
Castin': Magic Dart Confirm wit' . or Enter, or press ? or * ta list all spells.
Aimin': Magic Dart
Press: ? - help, Shift-Dir - straight line, f - centaur
Aim: a centaur (hasn't noticed ye) Okay, than.
Tha centaur wields a shortbow.
Tha centaur shoots an arrow.
Tha arrow hits ye!
Tha centaur shoots an arrow.
Tha arrow hits ye!
Ye see 'ere 2 arrows.
Tha centaur shoots an arrow.
Tha arrow completely misses ye.
Ye see 'ere an arrow.
Tha centaur shoots an arrow.
Tha arrow hits ye!
* * * LOW HITPOINT WARNIN'
* * * Ye see 'ere an arrow.
Tha centaur shoots an arrow.
Tha arrow hits ye!
Ye die...

...##............#........
...##.....####............
...##.....# #....#........
...##.....# #.............
...##.....# #....#........
...###.#### #.............
...###.#######.###........
.#.........###############
..............((@........##
#..............(##........#
#...............##........#
................##........#
..##............##........#
...#............##........#
...###...c......##........#
.(..##.....##.............#
.......####...............#


You could see a centaur.

Vanquished Creatures
  A scorpion (D:5)
  2 crimson imps (D:5)
  A centaur zombie (D:5)
  An orc wizard (D:4)
  5 adders
  2 oozes
  An adder skeleton (D:4)
  3 worms
  2 giant geckos
  4 orcs (D:4)
  2 giant cockroaches (D:4)
  5 goblins
  2 hobgoblins (D:1)
  9 jackals
  3 quokkas
  2 ball pythons
  A giant newt (D:1)
  7 kobolds
  A quokka zombie (D:5)
  A rat (D:3)
55 creatures vanquished.

Notes
Turn   | Place    | Note
--------------------------------------------------------------
     0 | D:1      | Heedrag the Deep Elf Conjurer began the quest for the Orb.
     0 | D:1      | Reached XP level 1. HP: 10/10 MP: 6/6
   264 | D:1      | Reached XP level 2. HP: 15/15 MP: 1/8
   784 | D:2      | Reached skill level 5 in Conjurations
  1438 | D:3      | Reached XP level 3. HP: 19/19 MP: 5/10
  1644 | D:3      | Learned a level 3 spell: Dazzling Spray
  2146 | D:3      | Found a faded altar to an unknown god.
  2152 | D:3      | Reached XP level 4. HP: 19/24 MP: 6/11
  2360 | D:4      | Reached skill level 6 in Conjurations
  2404 | D:4      | Found a staircase to the Ecumenical Temple.
  2410 | D:4      | Learned a level 4 spell: Iskenderun's Mystic Blast
  2415 | Temple   | Entered the Ecumenical Temple
  2425 | Temple   | Became a worshipper of Vehumet
  2721 | D:4      | Reached XP level 5. HP: 5/28 MP: 1/13
  3125 | D:5      | Entered Level 5 of the Dungeon
  3125 | D:5      | Noticed Eustachio
  3298 | D:5      | Reached skill level 5 in Spellcasting
  3298 | D:5      | Reached skill level 7 in Conjurations
  3374 | D:5      | Learned a level 5 spell: Iskenderun's Battlesphere
  3557 | D:5      | Reached XP level 6. HP: 32/32 MP: 8/15
  3789 | D:5      | HP: 1/32 [centaur/arrow (14)]
  3790 | D:5      | Shot with an arrow by a centaur

Skill      XL: |  1  2  3  4  5 |
---------------+----------------+-----
Conjurations   | 5 6 7 |  7.3
Spellcasting   | 4 5 |  5.1
Dodging        | |  2.4
Stealth        | |  2.4
Charms         | |  0.4

Action                   |  1- 3 |  4- 6 || total
-------------------------+-------+-------++-------
Melee: Short sword       |     8 |    16 ||    24
       Club              |     2 |       ||     2
 Cast: Magic Dart        |    70 |    80 ||   150
       Dazzling Spray    |       |     1 ||     1
  Eat: Chunk             |     4 |     3 ||     7
       Beef jerky        |       |     1 ||     1
Armor: Robe              |     1 |       ||     1
Dodge: Dodged            |    10 |    18 ||    28
